 Dungeon Crawl Stone Soup version 0.31-a0-241-g00f4a5a00c (webtiles) character file.

Game seed: 4727336921705387484

1365 qw the Skirmisher (level 8, -1/68 HPs)
             Began as a Minotaur Hexslinger on July 12, 2023.
             Was an Initiate of Okawaru.
             Slain by an ogre
             ... wielding a +0 giant club
              (32 damage)
             ... on level 5 of the Dungeon.
             The game lasted 00:02:08 (3701 turns).

qw the Skirmisher (Minotaur Hexslinger)             Turns: 3701, Time: 00:02:08

Health: -1/68      AC: 10    Str: 13    XL:     8   Next: 38%
Magic:  8/8        EV: 14    Int: 10    God:    Okawaru [......]
Gold:   160        SH:  0    Dex: 15    Spells: 8/9 levels left

rFire   . . .        Y - +3 sling
rCold   . . .        (no shield)
rNeg    . . .        c - +0 troll leather armour
rPois   .            (helmet restricted)
rElec   .            j - +0 cloak
rCorr   .            (no gloves)
SInv    .            d - +0 pair of boots
Will    .....        (no amulet)
Stlth   +            b - +4 ring of protection
HPRegen 1.11/turn    (no ring)
MPRegen 0.11/turn

%: no passive effects
@: no status effects
A: horns 2, retaliatory headbutt
a: Renounce Religion


You were on level 5 of the Dungeon.
You worshipped Okawaru.
Okawaru was noncommittal.
You visited 2 branches of the dungeon, and saw 6 of its levels.
You also visited: Ossuary.

You collected 249 gold pieces.
You spent 89 gold pieces at shops.


Innate Abilities, Weirdness & Mutations

You have a pair of horns on your head.
You reflexively headbutt those who attack you in melee.


   Skills:
 - Level 5.0 Fighting
 + Level 8.5 Ranged Weapons
 - Level 2.0 Armour
 - Level 6.1 Dodging
 - Level 1.0 Spellcasting
 - Level 2.0 Hexes


You had 8 spell levels left.
You knew the following spells:

 Your Spells              Type           Power      Damage    Failure   Level
a - Slow                  Hex            16%        N/A       19%         1

Your spell library contained the following spells:

 Spells                   Type           Power      Damage    Failure   Level
 Inner Flame              Hex/Fire       2%         N/A       65%         3
 Portal Projectile        Hex/Tloc       4%         N/A       65%         3
 Cause Fear               Hex            2%         N/A       88%         4

Inventory:

Hand Weapons
 Y - a +3 sling (weapon)
Armour
 c - a +0 troll leather armour (worn)
 d - a +0 pair of boots (worn)
 j - a +0 cloak (worn)
Jewellery
 b - a +4 ring of protection (left hand)
Scrolls
 k - a scroll of identify
Potions
 f - a potion of haste
 h - 2 potions of curing
 l - a potion of enlightenment
 m - a potion of might
 p - a potion of degeneration {unknown}

Dungeon Overview and Level Annotations

Branches:
Dungeon (5/15)             Temple (1/1) D:4         Ossuary (visited)

Altars:
Cheibriados
Dithmenos
Elyvilon
Fedhas
Gozag
Hepliaklqana
Kikubaaqudgha
Makhleb
Nemelex Xobeh
Okawaru
Qazlal
Ru
Sif Muna
Trog
Vehumet
Wu Jian
Xom
Zin

Shops:
D:2 *   D:3 [


Message History

The jackal closely misses you.
You shoot a sling bullet. The sling bullet hits the jackal.
You kill the jackal!
Okawaru accepts your kill. The phantom closely misses you.
You shoot a sling bullet. The sling bullet hits the phantom.
The phantom is heavily damaged.
The phantom misses you. The iguana bites you. The iguana closely misses you.
You furiously retaliate!
You headbutt the iguana. The phantom barely misses you.
You shoot a sling bullet.
The sling bullet hits the phantom but does no damage.
The phantom is moderately damaged.
The phantom hits you.
The phantom blinks!
You blink.
You shoot a sling bullet. The sling bullet hits the phantom.
The phantom is heavily damaged.
The phantom completely misses you. You furiously retaliate!
You headbutt the phantom! You shoot a sling bullet.
The sling bullet hits the phantom.
You destroy the phantom!
Okawaru accepts your kill.
You shoot a sling bullet.
The sling bullet barely misses the ogre.
You shoot a sling bullet.
The sling bullet hits the ogre but does no damage.
The ogre is moderately wounded.
You shoot a sling bullet. The sling bullet hits the ogre.
The ogre is moderately wounded.
The ogre barely misses you.
You shoot a sling bullet.
The sling bullet barely misses the ogre.
The iguana bites you but does no damage.
You shoot a sling bullet. The sling bullet hits the ogre.
The ogre is heavily wounded.
The ogre hits you with a +0 giant club!!
The iguana bites you.
You shoot a sling bullet. The sling bullet hits the ogre!
The ogre is almost dead.
The iguana closely misses you.
The ogre hits you with a +0 giant club!!
You die...

#. #. ##........ #.
#.....%... #.
#.........
###.#####.........
#......##.....(...
#.................
#.._@O._.#ยค.......
#....l............
#....}.....##.....
#.........## ...
##.......## .
#..._...# ##.....##
#.#)..# #.#.###


You could see an ogre and an iguana.

Vanquished Creatures
  Pikel (D:4)
  Eustachio (D:4)
  A black bear (D:4)
  A phantom (D:5)
  A lemure (D:4)
  2 water moccasin zombies (Ossuary)
  A wight (Ossuary)
  3 centaur zombies (Ossuary)
  A bullfrog zombie (Ossuary)
  A hound (D:4)
  A jelly (D:4)
  Jessica (D:3)
  An iguana (D:4)
  2 scorpion zombies (Ossuary)
  An orc wizard (D:5)
  Ijyb (D:4)
  2 adders
  An ufetubus (D:5)
  3 adder zombies (Ossuary)
  A worm (D:1)
  3 dart slugs
  3 orcs
  4 ball pythons
  7 endoplasms
  5 giant cockroaches
  3 gnoll zombies (Ossuary)
  12 goblins
  4 hobgoblins
  12 jackals
  6 kobolds
  7 quokkas
  6 bats
  5 frilled lizards
  4 goblin zombies (Ossuary)
  6 hobgoblin zombies (Ossuary)
  2 orc zombies (Ossuary)
  6 rats
122 creatures vanquished.

Notes
Turn   | Place    | Note
-------+----------+-------------------------------------------
     0 | D:1      | qw the Minotaur Hexslinger began the quest for the Orb.
     0 | D:1      | Reached XP level 1. HP: 16/16 MP: 1/1
     0 | D:1      | 0 ||| qw: Version: 0.3-a-52-g30416fa
     0 | D:1      | 0 ||| qw: Game counter: 6197
     0 | D:1      | 0 ||| qw: Melee chars always use a shield: true
     0 | D:1      | 0 ||| qw: God list: Okawaru
     0 | D:1      | 0 ||| qw: Allow faded altars: false
     0 | D:1      | 0 ||| qw: Do Orc after clearing Dungeon:15 true
     0 | D:1      | 0 ||| qw: Do second Lair branch before Depths: true
     0 | D:1      | 0 ||| qw: Lair rune preference: random
     0 | D:1      | 0 ||| qw: Goals: Normal
     0 | D:1      | 0 ||| PLANNING D:1-11
    58 | D:1      | Reached skill level 3 in Ranged Weapons
    58 | D:1      | Reached XP level 2. HP: 23/23 MP: 2/2
   115 | D:1      | 115 ||| FLEEEEING.
   116 | D:1      | 116 ||| FLEEEEING.
   428 | D:1      | Reached XP level 3. HP: 29/29 MP: 3/3
   762 | D:1      | 762 ||| UPGRADING to +0 pair of boots.
   767 | D:1      | 767 ||| UPGRADING to +0 ring mail.
   777 | D:1      | 777 ||| DROPPING +0 robe.
   778 | D:1      | 778 ||| READING scroll labelled ZIRUPU PUIDUH.
   779 | D:1      | 779 ||| READING 4 scrolls labelled VIEL RENNA.
   780 | D:1      | 780 ||| READING scroll labelled ZADOIPP JUAVE.
   783 | D:1      | 783 ||| DROPPING scroll of poison.
   784 | D:1      | 784 ||| DROPPING 3 scrolls of vulnerability.
   919 | D:2      | Found a burning altar of Makhleb.
   935 | D:2      | Found Bivemp's Assorted Antiques.
   938 | D:2      | 938 ||| SHOPLISTING blackened golden ring (80 gold, have
                  | 47).
   938 | D:2      | 938 ||| BUYING blue potion (14 gold).
   938 | D:2      | Bought a blue potion for 14 gold pieces
   938 | D:2      | 938 ||| BUYING blue potion (14 gold).
   938 | D:2      | Bought a blue potion for 14 gold pieces
   938 | D:2      | 938 ||| SHOPLISTING embroidered cloak (120 gold, have 19).
   938 | D:2      | 938 ||| BUYING scroll labelled FEQAQ SYZIOTS (16 gold).
   938 | D:2      | Bought a scroll labelled FEQAQ SYZIOTS for 16 gold pieces
   938 | D:2      | 938 ||| SHOPLISTING scroll labelled IPNOQUCEA (16 gold,
                  | have 3).
   938 | D:2      | 938 ||| SHOPLISTING scroll labelled VALITHABITI (16 gold,
                  | have 3).
   938 | D:2      | 938 ||| SHOPLISTING scroll of identify (32 gold, have 3).
   938 | D:2      | 938 ||| SHOPLISTING scroll of teleportation (48 gold, have
                  | 3).
   959 | D:2      | Found a faded altar of an unknown god.
   996 | D:2      | Reached skill level 4 in Ranged Weapons
  1266 | D:2      | Reached skill level 1 in Armour
  1724 | D:2      | 1724 ||| READING 2 scrolls labelled FEQAQ SYZIOTS.
  1725 | D:2      | 1725 ||| READING scroll labelled CORISIDWAE.
  1726 | D:2      | 1726 ||| READING scroll labelled UNIS PEACYUDYO.
  1827 | D:2      | 1827 ||| DRINKING 2 blue potions.
  1828 | D:2      | 1828 ||| DRINKING 2 black potions.
  1829 | D:2      | 1829 ||| DROPPING potion of brilliance.
  1830 | D:2      | 1830 ||| DROPPING scroll of amnesia.
  1886 | D:3      | Reached XP level 4. HP: 36/36 MP: 4/4
  1908 | D:3      | Noticed Jessica
  1911 | D:3      | Killed Jessica
  1932 | D:3      | Found Josaer's Armour Shoppe.
  1951 | D:3      | 1951 ||| BUYING +0 cloak (45 gold).
  1951 | D:3      | Bought a +0 cloak for 45 gold pieces
  1951 | D:3      | 1951 ||| SHOPLISTING +2 leather armour of Caus {rPois rN+}
                  | (274 gold, have 6).
  2206 | D:3      | 2206 ||| UPGRADING to +0 troll leather armour.
  2216 | D:3      | 2216 ||| DROPPING +0 ring mail.
  2217 | D:3      | 2217 ||| UPGRADING to +0 cloak.
  2222 | D:3      | 2222 ||| UPGRADING to +4 ring of protection.
  2223 | D:3      | 2223 ||| READING scroll labelled IPNOQUCEA.
  2224 | D:3      | 2224 ||| DRINKING 2 yellow potions.
  2255 | D:4      | 2255 ||| PLANNING OSSUARY
  2265 | D:4      | Reached skill level 5 in Ranged Weapons
  2276 | D:4      | Reached XP level 5. HP: 41/41 MP: 5/5
  2283 | D:4      | Noticed a black bear
  2294 | D:4      | HP: 9/41 [black bear (3)]
  2295 | D:4      | 2295 ||| DRINKING potion of heal wounds.
  2295 | D:4      | Killed a black bear
  2377 | D:4      | Found a shimmering altar of Xom.
  2400 | D:4      | Reached XP level 6. HP: 45/52 MP: 6/6
  2474 | D:4      | Found a white marble altar of Elyvilon.
  2488 | D:4      | Found an ornate altar of the Wu Jian Council.
  2652 | D:4      | Noticed Eustachio
  2672 | D:4      | 2672 ||| FLEEEEING.
  2675 | D:4      | 2675 ||| FLEEEEING.
  2677 | D:4      | 2677 ||| FLEEEEING.
  2678 | D:4      | 2678 ||| FLEEEEING.
  2679 | D:4      | 2679 ||| FLEEEEING.
  2715 | D:4      | Killed Eustachio
  2716 | D:4      | Reached skill level 6 in Ranged Weapons
  2724 | D:4      | Noticed Ijyb
  2734 | D:4      | Killed Ijyb
  2735 | D:4      | Reached skill level 7 in Ranged Weapons
  2779 | D:4      | Found a sand-covered staircase.
  2780 | D:4      | 2780 ||| READING scroll labelled PEATOL APONN.
  2786 | Ossuary  | Entered an ossuary
  2858 | Ossuary  | Reached XP level 7. HP: 59/59 MP: 7/7
  2922 | Ossuary  | Reached skill level 8 in Ranged Weapons
  3008 | Ossuary  | HP: 11/57 [wight/+5 scimitar (11)]
  3009 | Ossuary  | 3009 ||| DRINKING potion of heal wounds.
  3029 | Ossuary  | Noticed a silent spectre
  3062 | Ossuary  | 3062 ||| DRINKING 2 inky potions.
  3167 | Ossuary  | 3167 ||| DRINKING 4 fuming orange potions.
  3168 | Ossuary  | 3168 ||| DROPPING potion of berserk rage.
  3171 | D:4      | 3171 ||| PLANNING D:1-11
  3171 | D:4      | 3171 ||| READING scroll of enchant weapon.
  3171 | D:4      | 3171 ||| ENCHANTING +2 sling.
  3185 | D:4      | Noticed Pikel
  3201 | D:4      | HP: 14/59 [lemure[Pikel] (4)]
  3202 | D:4      | 3202 ||| READING scroll of teleportation.
  3203 | D:4      | 3203 ||| DRINKING potion of heal wounds.
  3389 | D:4      | Killed Pikel
  3390 | D:4      | Reached skill level 6 in Dodging
  3390 | D:4      | Reached XP level 8. HP: 52/68 MP: 8/8
  3580 | D:4      | Found a staircase to the Ecumenical Temple.
  3581 | D:4      | 3581 ||| PLANNING TEMPLE
  3581 | D:4      | 3581 ||| READING scroll labelled REGGASO GAIT QUO.
  3582 | D:4      | 3582 ||| READING scroll labelled VARAIPN WISIRA.
  3583 | D:4      | 3583 ||| READING 3 scrolls of identify.
  3583 | D:4      | 3583 ||| IDENTIFYING metallic inky potion
  3584 | D:4      | 3584 ||| READING 2 scrolls of identify.
  3584 | D:4      | 3584 ||| IDENTIFYING emerald potion
  3585 | D:4      | 3585 ||| DROPPING potion of lignification.
  3591 | Temple   | Entered the Ecumenical Temple
  3592 | Temple   | 3592 ||| PLANNING OKAWARU WORSHIP
  3600 | Temple   | Became a worshipper of Warmaster Okawaru
  3601 | Temple   | 3601 ||| PLANNING D:1-11
  3642 | D:5      | Entered Level 5 of the Dungeon
  3642 | D:5      | Found a burning altar of Makhleb.
  3654 | D:5      | 3654 ||| DRINKING 3 potions of curing.
  3654 | D:5      | 3654 ||| (to cure confusion)
  3671 | D:5      | Found a shimmering blue altar of Sif Muna.
  3671 | D:5      | Found a glowing silver altar of Zin.
  3701 | D:5      | Slain by an ogre

Levels and vault maps discovered:
D:1:      minmay_arrival_plants_in_alcoves, layout_basic, nicolae_wormholes
D:2:      layout_basic, basic_altar, ebering_ecumenical_altar_petrified,
          serial_shops, nicolae_shop_behind_doors
D:3:      layout_rooms, serial_shops, shop, uniq_jessica
D:4:      layout_basic, general_overflow_altar, nicolae_elyvilon_peaceful_grove,
          nicolae_wu_jian_wuxing_cycle, minmay_temple_entry_enclosed_plants,
          enter_ossuary_2, uniq_pikel, uniq_eustachio, uniq_ijyb
D:5:      layout_rooms, grunt_temple_overflow_holy_war,
          grunt_temple_overflow_open, serial_shops, shop, shop,
          nicolae_shop_real_fake_doors, chequers_serial_rivers_micro_c,
          uniq_menkaure, uniq_edmund
Temple:   nicolae_temple_no_exploring_needed

Skill      XL: |  1  2  3  4  5  6  7  8 |
---------------+-------------------------+-----
Ranged Weapons | 3 4 5 7 8 |  8.5
Fighting       | 2 4 5 |  5.0
Armour         | 1 2 |  2.0
Dodging        | 6 |  6.1
Spellcasting   | |  1.0
Hexes          | |  2.0

Action                     |  1- 3 |  4- 6 |  7- 9 || total
---------------------------+-------+-------+-------++-------
   Fire: Sling             |   145 |   201 |   202 ||   548
    Use: Scroll            |     6 |     2 |     6 ||    14
         Potion            |     2 |     2 |     5 ||     9
 Armour: Robe              |     8 |       |       ||     8
         Ring mail         |    12 |     4 |       ||    16
         Troll leather arm |       |    74 |    75 ||   149
  Dodge: Dodged            |    50 |   129 |    97 ||   276

Table legend:
 A = Non-vault XP
 B = Vault XP
 C = Vault XP percentage of total XP
 D = Non-vault monster count
 E = Vault monster count
 F = Vault count percentage of total count
                 A         B        C        D         E       F
            +---------+---------+-------+---------+---------+-------
      Total |     579 |    1372 |  70.3 |      89 |      32 |  26.4
            +---------+---------+-------+---------+---------+-------
        D:1 |      44 |       5 |  10.2 |      23 |       1 |   4.2
        D:2 |      47 |       0 |   0.0 |      26 |       0 |   0.0
        D:3 |      20 |      37 |  64.9 |      12 |       1 |   7.7
        D:4 |     286 |     822 |  74.2 |      19 |       3 |  13.6
        D:5 |     182 |       0 |   0.0 |       9 |       0 |   0.0
    Ossuary |       0 |     508 | 100.0 |       0 |      27 | 100.0
            +---------+---------+-------+---------+---------+-------
